Map: Tourmaline LE

Players

Andrei - Winner!

  • Race: Zerg Zerg
  • League: Gold
  • Spawn Location: 7:00

Sindyr

  • Race: Terran Terran
  • League: Gold
  • Spawn Location: 1:00

VOD

Have the link to the VOD?

Description

Time

  • Played on: Nov. 13, 2025, noon
  • Length: 5:06
Show
View Real Time Build Order
Export as new Build Order

Andrei Zerg - Winner!

Build Orders: Hatch First 

Get SALT Encoding   

  12  0:11  Drone x2  
  14  0:21  Overlord  
  14  0:44  Drone  
  14  0:46  Hatchery  
  14  0:47  Drone  
  15  0:51  Drone  
  16  1:02  Drone  
  17  1:08  Drone  
  18  1:17  Spawning Pool  
  17  1:18  Drone  
  17  1:24  Extractor  
  17  1:28  Drone  
  18  1:39  Drone  
  19  1:55  Drone  
  19  1:59  Drone  
  21  2:01  Drone  
  21  2:04  Queen  
  21  2:06  Queen  
  26  2:09  Drone  
  26  2:14  Extractor  
  26  2:16  Drone  
  27  2:24  Drone  
  27  2:29  Overlord  
  28  2:58  Zergling x8  
  31  2:59  Zergling x4  
  34  3:12  Queen  
  36  3:30  Overlord x2  
  35  3:45  Overlord  
  35  3:47  Queen  
  37  3:55  Spore Crawler  
  37  3:57  Drone x4  
  40  4:10  Hatchery  
  39  4:25  Drone x2  
  39  4:26  Drone x4  
  39  4:27  Overlord, Zergling x2  
Show
View Real Time Build Order
Export as new Build Order

Sindyr Terran 

Build Orders:  

Get SALT Encoding   

  12  0:04  SCV  
  13  0:16  SCV  
  14  0:21  Supply Depot  
  14  0:28  SCV  
  15  0:43  SCV  
  16  0:51  Barracks  
  16  0:55  Refinery, SCV  
  17  1:07  SCV  
  18  1:19  SCV  
  19  1:31  SCV  
  20  1:43  SCV, Command Center  
  20  1:44  Barracks Reactor  
  21  1:58  Orbital Command  
  21  2:12  Barracks  
  21  2:23  Marine x2  
  23  2:40  Refinery  
  23  2:47  Supply Depot  
  23  2:49  Supply Depot  
  23  2:54  Marine x2  
  23  2:55  SCV  
  26  3:03  Orbital Command  
  26  3:07  SCV  
  26  3:11  Engineering Bay  
  27  3:17  Barracks Tech Lab  
  27  3:19  SCV  
  28  3:26  Factory  
  28  3:31  SCV  
  27  3:43  SCV  
  28  3:48  Command Center  
  28  3:57  Barracks  
  28  3:58  Barracks  
  28  4:06  Barracks  
  24  4:26  Marine  
  24  4:27  Marine x2  
  14  4:38  Orbital Command  
Tags
 
League
GoldGold
Matchup
TvZ
Replay Pack
Multiplayer
Spawn Locations
Cross Positions
Add a new tag
Caveats
  • Supply blocks, unpowered buildings, or Contaminate may cause inaccurate times.
  • Supply counts are checked every 10 seconds.